3AA
BELVEDERE PARK RAWHIDES @ SALEM MISFITS
09/02/2020
 
TOP OF THE 1ST
Belvedere Park Rawhides batting - Pitching for Salem Misfits : RHP Travis Carson
Pitching: RHP Travis Carson
Batting: SHB Ron Bunch 0-0: Ball
1-0: Called Strike
1-1: DOUBLE (Groundball, 3L)
Batting: RHB Victor Haley 0-0: Called Strike
0-1: Swinging Strike
0-2: Ball
1-2: Ball
2-2: Strikes out swinging
Batting: LHB Kyle Bass 0-0: Called Strike
0-1: Foul Ball, location: 2F
0-2: Ball
1-2: Ball
2-2: Ball
3-2: Foul Ball, location: 2F
3-2: Foul Ball, location: 2F
3-2: Strikes out looking
Batting: RHB Tracy Parker 0-0: Ball
1-0: Ground out 5-3 (Groundball, 5L)
Top of the 1st over - 0 run(s), 1 hit(s), 0 error(s), 1 left on base; Belvedere Park 0 - Salem 0
BOTTOM OF THE 1ST
Salem Misfits batting - Pitching for Belvedere Park Rawhides : RHP Henri Pollini
Pitching: RHP Henri Pollini
Batting: SHB Alonso Márquez 0-0: Foul Ball, location: 2F
0-1: Reached on error, E2 (Groundball, 23)
Batting: LHB Micheal Garren 0-0: Called Strike
0-1: Foul Ball, location: 2F
0-2: Ball
1-2: Ball
2-2: Strikes out swinging
Batting: LHB Nathan Tanner 0-0: Ball
1-0: Ball
2-0: Fielders Choice at 2nd, 6-4 (Groundball, 6M)
Batting: LHB Júlio Valentín 0-0: Called Strike
Nathan Tanner steals 2nd base
0-1: Foul Ball, location: 2F
0-2: Strikes out swinging
Bottom of the 1st over - 0 run(s), 0 hit(s), 1 error(s), 1 left on base; Belvedere Park 0 - Salem 0
TOP OF THE 2ND
Belvedere Park Rawhides batting - Pitching for Salem Misfits : RHP Travis Carson
Batting: LHB Jeff Sharp 0-0: Ball
1-0: Ball
2-0: Foul Ball, location: 2F
2-1: Foul Ball, location: 2F
2-2: Foul Ball, location: 2F
2-2: Ball
3-2: Ground out 6-3 (Groundball, 6M)
Batting: RHB Michael Taylor 0-0: Ball
1-0: Ball
2-0: Called Strike
2-1: Ball
3-1: Foul Ball, location: 2F
3-2: Foul Ball, location: 2F
3-2: Fly out, F9 (Flyball, 9D)
Batting: SHB Ryan Cook 0-0: Foul Ball, location: 2F
0-1: Ball
1-1: Ball
2-1: Ground out U3 (Groundball, 3)
Top of the 2nd over - 0 run(s), 0 hit(s), 0 error(s), 0 left on base; Belvedere Park 0 - Salem 0
BOTTOM OF THE 2ND
Salem Misfits batting - Pitching for Belvedere Park Rawhides : RHP Henri Pollini
Batting: RHB Steve Duncan 0-0: Called Strike
0-1: Fly out, F8 (Line Drive, 78M)
Batting: SHB Joe Werner 0-0: Called Strike
0-1: Called Strike
0-2: Ball
1-2: Ball
2-2: Ball
3-2: Base on Balls
Batting: RHB Jim Unknown 0-0: Ball
1-0: SINGLE (Groundball, 34D)
Joe Werner to second
Runner from 2nd tries for 3rd, SAFE, no throw or cutoff
Batting: RHB Jim Unknown 0-0: Ball
Jim Unknown is caught stealing 2nd base
1-0: Ball
2-0: Ball
3-0: Base on Balls
Batting: LHB Jim Unknown 0-0: Called Strike
0-1: Foul Ball, location: 2F
0-2: Foul Ball, location: 2F
0-2: Fly out, F7 (Popup, 6D)
Bottom of the 2nd over - 0 run(s), 1 hit(s), 0 error(s), 2 left on base; Belvedere Park 0 - Salem 0
TOP OF THE 3RD
Belvedere Park Rawhides batting - Pitching for Salem Misfits : RHP Travis Carson
Batting: SHB Jason Alexander 0-0: Swinging Strike
0-1: Swinging Strike
0-2: Strikes out swinging
Batting: RHB Marlon Cummins 0-0: Ground out 3-1 (Groundball, 34)
Batting: SHB Ron Bunch 0-0: Ball
1-0: SINGLE (Flyball, 8LS)
Batting: RHB Victor Haley 0-0: Ball
1-0: Fly out, F8 (Flyball, 8RM)
Top of the 3rd over - 0 run(s), 1 hit(s), 0 error(s), 1 left on base; Belvedere Park 0 - Salem 0
BOTTOM OF THE 3RD
Salem Misfits batting - Pitching for Belvedere Park Rawhides : RHP Henri Pollini
Batting: SHB Alonso Márquez 0-0: Called Strike
0-1: Called Strike
0-2: Ball
1-2: Strikes out swinging
Batting: LHB Micheal Garren 0-0: Ball
1-0: Fly out, F8 (Flyball, 8RM)
Batting: LHB Nathan Tanner 0-0: Swinging Strike
0-1: SINGLE (Line Drive, 9S)
Batting: LHB Júlio Valentín 0-0: Ball
1-0: Ball
2-0: Foul Ball, location: 2F
2-1: Foul Ball, location: 2F
2-2: Foul Ball, location: 2F
2-2: Strikes out swinging
Bottom of the 3rd over - 0 run(s), 1 hit(s), 0 error(s), 1 left on base; Belvedere Park 0 - Salem 0
TOP OF THE 4TH
Belvedere Park Rawhides batting - Pitching for Salem Misfits : RHP Travis Carson
Batting: LHB Kyle Bass 0-0: Ball
1-0: Swinging Strike
1-1: Ball
2-1: Ball
3-1: Base on Balls
Batting: RHB Tracy Parker 0-0: Ball
1-0: Foul Ball, location: 2F
1-1: Ground out 6-3 (Groundball, 56D)
Kyle Bass to second
Batting: LHB Jeff Sharp 0-0: Ball
1-0: Fly out, F7 (Line Drive, 5D)
Batting: RHB Michael Taylor 0-0: Ball
1-0: Foul Ball, location: 2F
1-1: Foul Ball, location: 2F
1-2: Fly out, F7 (Flyball, 7LM)
Top of the 4th over - 0 run(s), 0 hit(s), 0 error(s), 1 left on base; Belvedere Park 0 - Salem 0
BOTTOM OF THE 4TH
Salem Misfits batting - Pitching for Belvedere Park Rawhides : RHP Henri Pollini
Batting: RHB Steve Duncan 0-0: Foul Ball, location: 2F
0-1: Ball
1-1: Foul Ball, location: 2F
1-2: Ball
2-2: Foul Ball, location: 2F
2-2: Strikes out swinging
Batting: SHB Joe Werner 0-0: Ball
1-0: Ball
2-0: Called Strike
2-1: Ball
3-1: Base on Balls
Batting: RHB Jim Unknown 0-0: Ball
1-0: Foul Ball, location: 2F
1-1: Called Strike
1-2: Ball
Joe Werner is caught stealing 2nd base
2-2: Strikes out swinging
Bottom of the 4th over - 0 run(s), 0 hit(s), 0 error(s), 0 left on base; Belvedere Park 0 - Salem 0
TOP OF THE 5TH
Belvedere Park Rawhides batting - Pitching for Salem Misfits : RHP Travis Carson
Batting: SHB Ryan Cook 0-0: Ball
1-0: Ball
2-0: Ball
3-0: Called Strike
3-1: Foul Ball, location: 2F
3-2: Ground out 4-3 (Groundball, 4)
Batting: SHB Jason Alexander 0-0: Ball
1-0: Ball
2-0: Fly out, F9 (Line Drive, 9D)
Batting: RHB Marlon Cummins 0-0: Ball
1-0: SINGLE (Groundball, 56)
Batting: SHB Ron Bunch 0-0: Ball
1-0: Called Strike
1-1: Foul Ball, location: 2F
1-2: Strikes out looking
Top of the 5th over - 0 run(s), 1 hit(s), 0 error(s), 1 left on base; Belvedere Park 0 - Salem 0
BOTTOM OF THE 5TH
Salem Misfits batting - Pitching for Belvedere Park Rawhides : RHP Henri Pollini
Batting: RHB Jim Unknown 0-0: Ball
1-0: Swinging Strike
1-1: Ground out 6-3 (Groundball, 6)
Batting: LHB Jim Unknown 0-0: Swinging Strike
0-1: SINGLE (Line Drive, 4M)
Batting: SHB Alonso Márquez 0-0: Ball
1-0: Ball
2-0: Foul Ball, location: 2F
2-1: Grounds into double play, 4-6-3 (Groundball, 4)
Bottom of the 5th over - 0 run(s), 1 hit(s), 0 error(s), 0 left on base; Belvedere Park 0 - Salem 0
TOP OF THE 6TH
Belvedere Park Rawhides batting - Pitching for Salem Misfits : RHP Travis Carson
Batting: RHB Victor Haley 0-0: Ball
1-0: Called Strike
1-1: Foul Ball, location: 2F
1-2: Strikes out swinging
Batting: LHB Kyle Bass 0-0: Called Strike
0-1: Ball
1-1: Ball
2-1: Foul Ball, location: 2F
2-2: Fly out, F6 (Popup, 56D)
Batting: RHB Tracy Parker 0-0: Ball
1-0: Ball
2-0: Foul Ball, location: 2F
2-1: Ground out 6-3 (Groundball, 6)
Top of the 6th over - 0 run(s), 0 hit(s), 0 error(s), 0 left on base; Belvedere Park 0 - Salem 0
BOTTOM OF THE 6TH
Salem Misfits batting - Pitching for Belvedere Park Rawhides : RHP Henri Pollini
Batting: LHB Micheal Garren 0-0: Ball
1-0: Called Strike
1-1: Foul Ball, location: 2F
1-2: Ball
2-2: Strikes out looking
Batting: LHB Nathan Tanner 0-0: Ball
1-0: Ground out 5-3 (Groundball, 56)
Batting: LHB Júlio Valentín 0-0: Called Strike
0-1: Ground out 5-3 (Groundball, 56S)
Bottom of the 6th over - 0 run(s), 0 hit(s), 0 error(s), 0 left on base; Belvedere Park 0 - Salem 0
TOP OF THE 7TH
Belvedere Park Rawhides batting - Pitching for Salem Misfits : RHP Travis Carson
Batting: LHB Jeff Sharp 0-0: Foul Ball, location: 2F
0-1: Fly out, F2 (Popup, 2RF)
Batting: RHB Michael Taylor 0-0: Swinging Strike
0-1: Ball
1-1: Ball
2-1: Called Strike
2-2: Foul Ball, location: 2F
2-2: Strikes out swinging
Batting: SHB Ryan Cook 0-0: Swinging Strike
0-1: Ball
1-1: Foul Ball, location: 2F
1-2: Ball
2-2: Ball
3-2: Foul Ball, location: 2F
3-2: Base on Balls
Batting: SHB Jason Alexander 0-0: Ball
1-0: Ball
2-0: Ball
3-0: Called Strike
3-1: Swinging Strike
3-2: Foul Ball, location: 2F
3-2: Strikes out swinging
Top of the 7th over - 0 run(s), 0 hit(s), 0 error(s), 1 left on base; Belvedere Park 0 - Salem 0
BOTTOM OF THE 7TH
Salem Misfits batting - Pitching for Belvedere Park Rawhides : RHP Henri Pollini
Batting: RHB Steve Duncan 0-0: Called Strike
0-1: Fly out, F7 (Flyball, 78XD)
Pinch Hitting: RHB Jim Unknown 0-0: Ball
1-0: Swinging Strike
1-1: Ball
2-1: Called Strike
2-2: Foul Ball, location: 2F
2-2: Fly out, F8 (Flyball, 8LM)
Batting: RHB Jim Unknown 0-0: Ground out 4-3 (Groundball, 4M)
Bottom of the 7th over - 0 run(s), 0 hit(s), 0 error(s), 0 left on base; Belvedere Park 0 - Salem 0
TOP OF THE 8TH
Belvedere Park Rawhides batting - Pitching for Salem Misfits : RHP Travis Carson
Now at 3B: Jim Unknown
Pinch Hitting: LHB John Holbrook 0-0: Ball
1-0: Ball
2-0: Swinging Strike
2-1: DOUBLE (Flyball, 89D)
Batting: SHB Ron Bunch 0-0: Ground out U3 (Groundball, 3)
John Holbrook to third
Batting: RHB Victor Haley 0-0: Fly out, F6 (Popup, 6MD)
Batting: LHB Kyle Bass 0-0: Foul Ball, location: 2F
0-1: Fly out, F8 (Flyball, 8RM)
Top of the 8th over - 0 run(s), 1 hit(s), 0 error(s), 1 left on base; Belvedere Park 0 - Salem 0
BOTTOM OF THE 8TH
Salem Misfits batting - Pitching for Belvedere Park Rawhides : RHP Henri Pollini
Now at 2B: Monte Adams
Batting: RHB Jim Unknown 0-0: Foul Ball, location: 2F
0-1: Ball
1-1: Foul Ball, location: 2F
1-2: Ball
2-2: Fly out, F9 (Flyball, 9LMF)
Batting: LHB Jim Unknown 0-0: Ball
1-0: Foul Ball, location: 2F
1-1: Ball
2-1: Fly out, F9 (Flyball, 89M)
Pinch Hitting: LHB Jim Unknown 0-0: Called Strike
0-1: Called Strike
0-2: Strikes out swinging
Bottom of the 8th over - 0 run(s), 0 hit(s), 0 error(s), 0 left on base; Belvedere Park 0 - Salem 0
TOP OF THE 9TH
Belvedere Park Rawhides batting - Pitching for Salem Misfits : RHP Travis Carson
Now at 2B: Jim Unknown
Batting: RHB Tracy Parker 0-0: Called Strike
0-1: SINGLE (Line Drive, 89S)
Pitching: LHP Jim Unknown
Pinch Hitting: RHB Jeff Cox 0-0: Ball
1-0: Grounds into double play, 6-4-3 (Groundball, 6M)
Batting: RHB Michael Taylor 0-0: Called Strike
0-1: Ball
1-1: Called Strike
1-2: Strikes out swinging wild pitch, reaches first!
Batting: SHB Ryan Cook 0-0: Swinging Strike
0-1: Foul Ball, location: 2F
0-2: Ball
Michael Taylor is caught stealing 2nd base
Top of the 9th over - 0 run(s), 1 hit(s), 0 error(s), 0 left on base; Belvedere Park 0 - Salem 0
BOTTOM OF THE 9TH
Salem Misfits batting - Pitching for Belvedere Park Rawhides : RHP Henri Pollini
Now at 1B: John Rahilly
Batting: LHB Micheal Garren 0-0: Reached on error, E5 (Groundball, 56S)
Batting: LHB Nathan Tanner 0-0: Ball
1-0: Called Strike
1-1: Ball
2-1: Ball
3-1: Called Strike
3-2: Base on Balls
Batting: LHB Júlio Valentín 0-0: Ball
1-0: SINGLE (Groundball, 4M)
Micheal Garren to third
Nathan Tanner to second
Runner from 3rd tries for Home, SAFE, no throw or cutoff
This league is powered by Out of the Park Baseball, the baseball management simulation game for PC, Mac and Linux
Friday, October 23rd, 2015 - OOTP Baseball 16.9 Build 39